 Dungeon Crawl Stone Soup version 0.26.1-11-gd32895ea62 (webtiles) character file.

Game seed: 12160664086700490357

25970 nightchill the Severer (level 13, -1/98 HPs)
             Began as a Formicid Fighter on Apr 19, 2021.
             Was an Elder of Hepliaklqana.
             Slain by a white ugly thing (3 damage)
             ... on level 11 of the Dungeon.
             The game lasted 00:35:51 (23092 turns).

nightchill the Severer (Formicid Fighter)          Turns: 23092, Time: 00:35:52

Health: -1/98      AC: 11    Str: 26    XL:     13   Next: 54%
Magic:  21/21      EV:  5    Int: 14    God:    Hepliaklqana [****..]
Gold:   791        SH: 11    Dex: 10    Spells: 11/12 levels left

rFire    . . .     SeeInvis +   b - +3 battleaxe
rCold    . . .     Faith    +   c - +1 kite shield
rNeg     . . .     Spirit   .   G - +0 plate armour
rPois    .         Reflect  .   (helmet unavailable)
rElec    .         Harm     .   t - scarf {shadows}
rCorr    .         Rampage  .   (no gloves)
Will     +....                  (no boots)
Stlth    ..........             L - amulet of faith
HPRegen  0.26/turn              d - ring of stealth
MPRegen  0.17/turn              D - +6 ring of intelligence

@: no status effects
A: permanent stasis, dig shafts and tunnels, four strong arms, reduced essence,
antennae 3
a: Dig, Shaft Self, Renounce Religion, Recall Ancestor, Ancestor Identity,
Transference, Idealise


You were on level 11 of the Dungeon.
You worshipped Hepliaklqana.
Hepliaklqana was greatly pleased with you.
You visited 3 branches of the dungeon, and saw 16 of its levels.

You collected 791 gold pieces.

Inventory:

Hand Weapons
 a - a +0 war axe
 b - a +3 battleaxe (weapon)
 f - a +4 war axe of freezing
 K - a +0 flail
 Q - the +6 morningstar of Evisceration {protect, Int+2 Dex+7 SInv}
   (You found it on level 3 of the Lair of Beasts)

   It grants its wielder temporary protection when it strikes (+7 to AC).
   It affects your intelligence (+2).
   It affects your dexterity (+7).
   It lets you see invisible.
Missiles
 T - a throwing net (quivered)
Armour
 c - a +1 kite shield (worn)
 t - a scarf of shadows (worn)
 B - a +1 scale mail of fire resistance
 G - a +0 plate armour (worn)
Jewellery
 d - a ring of stealth (left hand)
 h - an uncursed ring of protection from cold {unknown}
 x - an uncursed ring of positive energy
 D - a +6 ring of intelligence (right hand)
 L - an amulet of faith (around neck)
Wands
 l - a wand of iceblast (15)
 n - a wand of random effects (26)
 F - a wand of enslavement (19)
 H - a wand of acid (10)
 I - a wand of disintegration (16)
 M - a wand of digging (4)
 N - a wand of paralysis (12)
 R - a wand of polymorph (6)
Scrolls
 e - a scroll of enchant armour
 i - a scroll of amnesia {unknown}
 m - 5 scrolls of remove curse
 o - 7 scrolls of magic mapping {unknown}
 s - a scroll of fog {unknown}
 v - a scroll of vulnerability {unknown}
 w - a scroll of enchant weapon {unknown}
 y - 4 scrolls of fear {unknown}
 A - 2 scrolls of random uselessness {unknown}
 C - 3 scrolls of immolation {unknown}
 E - 3 scrolls of noise {unknown}
 O - a scroll of identify
Potions
 g - 2 potions of attraction
 j - 5 potions of curing
 k - 3 potions of resistance
 p - 2 potions of flight
 q - 2 potions of mutation
 r - a potion of invisibility
 u - 2 potions of heal wounds
 z - 2 potions of lignification
 J - a potion of cancellation
 P - a potion of might
 S - a potion of magic {unknown}


   Skills:
 + Level 12.7 Fighting
 * Level 15.6 Axes
 - Level 3.2 Armour
 - Level 3.6 Shields
 + Level 11.1 Invocations


You had 11 spell levels left.
You knew the following spells:

 Your Spells              Type           Power        Failure   Level
a - Apportation           Tloc           0%           100%        1

Your spell library contained the following spells:

 Spells                   Type           Power        Failure   Level
 Animate Skeleton         Necr           0%           100%        1
 Corona                   Hex            0%           100%        1
 Magic Dart               Conj           0%           100%        1
 Shock                    Conj/Air       0%           100%        1
 Sting                    Tmut/Pois      0%           100%        1
 Summon Small Mammal      Summ           0%           100%        1
 Call Imp                 Summ           0%           100%        2
 Poisonous Vapours        Pois/Air       0%           100%        2
 Slow                     Hex            0%           100%        2
 Confusing Touch          Hex            0%           100%        3
 Conjure Flame            Conj/Fire      0%           100%        3
 Gell's Gravitas          Tloc           0%           100%        3
 Ignite Poison            Fire/Tmut/Pois 0%           100%        3
 Inner Flame              Hex/Fire       0%           100%        3
 Mephitic Cloud           Conj/Pois/Air  0%           100%        3
 Portal Projectile        Hex/Tloc       0%           100%        3
 Static Discharge         Conj/Air       0%           100%        3
 Airstrike                Air            0%           100%        4
 Cause Fear               Hex            0%           100%        4
 Leda's Liquefaction      Hex/Erth       0%           100%        4
 Olgreb's Toxic Radiance  Pois           0%           100%        4
 Petrify                  Tmut/Erth      0%           100%        4
 Lightning Bolt           Conj/Air       0%           100%        5
 Metabolic Englaciation   Hex/Ice        0%           100%        5
 Yara's Violent Unravell  Hex/Tmut       0%           100%        5
 Blink                    Tloc           Unusable     N/A         2
 Swiftness                Air            Unusable     N/A         2

Dungeon Overview and Level Annotations

Branches:
Dungeon (11/15)            Temple (1/1) D:6            Lair (4/6) D:9
 Shoals (0/4) Lair:4        Snake (0/4) Lair:3
    Orc: D:9-12

Altars:
Ashenzari
Cheibriados
Dithmenos
Elyvilon
Fedhas
Gozag
Hepliaklqana
Kikubaaqudgha
Makhleb
Nemelex Xobeh
Qazlal
Ru
Uskayaw
Vehumet
Wu Jian
Xom
Yredelemnul
The Shining One

Shops:
D:10 [

Annotations:
D:1 exclusion: downstairs
D:3 exclusion: downstairs
D:4 exclusion: downstairs
D:5 exclusion: downstairs
D:7 1 exclusion
D:8 exclusion: ancestor
D:11 3 runed translucent doors, Jaiteiro's ghost, journeyman GnFi
Lair:1 exclusion: downstairs
Lair:2 exclusion: 2 downstairs
Lair:3 exclusions: downstairs and 3 oklob plants, Sonja


Innate Abilities, Weirdness & Mutations

You cannot be hasted, slowed, berserked, paralysed or teleported.
You can dig through walls and to a lower floor.
Your four strong arms can wield two-handed weapons with a shield.
You have a pair of large antennae on your head. (SInv)
Your life essence is reduced to manifest your ancestor. (-10% HP)


Message History

You slice the white ugly thing like a ripe choko!!!
The white ugly thing is severely wounded.
You block the wyvern's attack. The white ugly thing trunk-slaps you.
The white ugly thing freezes you!!
* * * LOW HITPOINT WARNING * * *
Tiberius misses the white ugly thing.
You slash the white ugly thing!
The white ugly thing is almost dead.
You completely miss the wyvern. You block the wyvern's attack.
The white ugly thing trunk-slaps you!
* * * LOW HITPOINT WARNING * * *
The white ugly thing freezes you!!
* * * LOW HITPOINT WARNING * * *
You hit the white ugly thing but do no damage.
The white ugly thing is almost dead.
You closely miss the wyvern.
The wyvern bites you but does no damage.
Tiberius hits the white ugly thing with a +0 flail.
You block the wyvern's attack. The white ugly thing trunk-slaps you.
You die...

.# #.# #.###.#R####### #.##..
.###.#####....###......# #.##.#
.##.....†..###.#.#####.# ##.##.#
.##..#####.# ##.## #.# ##.....)
.##..# #.# #.# ####.###.......
.##..#####.# #.# #..............
.##........####.# #........#.##.#
.###.......>....###........#.##.#
.########..##..R@(.........#.##.#
.##...........).ul#.......##.##.#
R#....###.#######F#####...##.##..
......# #.# #W#{ ###.##.###.
.#...## #.# #.# {.####.# #.
.##.## #.# #.####u.#....# #.
.##.# #.# #.#{..# ###### ##
.##.#####.# #.u{..# # ..........#
###{W.# #


You could see the friendly Tiberius the knight, a white ugly thing, a wyvern, a
shadow and a bullfrog.

Vanquished Creatures
  Snorg (D:11)
  A catoblepas (Lair:3)
  A boulder beetle (Lair:1)
  A hydra (Lair:3)
  2 elephants (Lair:3)
  4 cane toads
  A torpor snail (Lair:3)
  3 komodo dragons
  A merfolk (D:11)
  A polar bear (Lair:1)
  Prince Ribbit (D:8)
  A snapping turtle (Lair:4)
  4 blink frogs
  3 dream sheep (Lair:3)
  A wraith (D:11)
  Sigmund (D:4)
  3 wyverns
  34 yaks
  3 basilisks
  A floating eye (Lair:3)
  6 water moccasins
  6 orc warriors
  4 black bears
  3 ice beasts
  3 sky beasts
  5 ogres
  A necrophage (D:11)
  A phantom (D:6)
  3 wolves (Lair:1)
  2 centaurs
  11 bullfrogs
  A wyvern zombie (D:6)
  A wyvern skeleton (D:6)
  3 scorpions
  A water moccasin skeleton (D:9)
  3 wights (D:9)
  An electric eel (Lair:4)
  4 howler monkeys
  A centaur zombie (D:6)
  A quasit (D:11)
  12 orc priests
  2 bullfrog zombies
  3 hounds
  A gnoll shaman (D:7)
  A bullfrog skeleton (D:7)
  2 centaur skeletons
  4 iguanas
  9 orc wizards
  10 worker ants
  3 hound skeletons
  19 gnolls
  2 howler monkey skeletons
  15 adders
  2 shadow imps
  A white imp (D:8)
  An ufetubus (D:8)
  2 oozes
  An adder skeleton (D:6)
  A worm (D:4)
  4 dart slugs
  A leopard gecko (D:7)
  35 orcs
  6 giant cockroaches
  5 hobgoblins
  13 jackals
  6 kobolds
  3 quokkas
  3 ball pythons (Lair:3)
  5 bats
  6 frilled lizards
  10 goblins
  A jackal skeleton (D:7)
  A jackal zombie (D:5)
  4 rats
323 creatures vanquished.

Vanquished Creatures (collateral kills)
  A hydra (Lair:3)
  An elephant (Lair:3)
  Psyche (D:10)
  A centaur zombie (D:10)
  A cane toad (Lair:3)
  2 rime drakes
  A komodo dragon (Lair:3)
  A troll (D:7)
  2 blink frogs
  A dream sheep (Lair:3)
  A shadow (D:10)
  6 yaks
  A wyvern (D:7)
  2 basilisks
  2 water moccasins
  A black bear (Lair:2)
  A centaur (D:7)
  An ogre (D:7)
  A wolf (Lair:1)
  3 bullfrogs
  An orc wizard (D:7)
  An adder (D:11)
  A shadow imp (D:7)
  An ufetubus (D:9)
  2 orcs (D:11)
37 creatures vanquished.

Vanquished Creatures (others)
  4 ancestors
  2 knights
  13 fungi
  49 plants
68 creatures vanquished.

Grand Total: 428 creatures vanquished

Notes
Turn   | Place    | Note
-------+----------+-------------------------------------------
     0 | D:1      | nightchill the Formicid Fighter began the quest for the
                  | Orb.
     0 | D:1      | Reached XP level 1. HP: 18/18 MP: 1/1
   116 | D:1      | Reached XP level 2. HP: 23/24 MP: 2/2
   560 | D:1      | Reached XP level 3. HP: 29/29 MP: 3/3
   625 | D:1      | Reached skill level 3 in Axes
  1407 | D:2      | Reached XP level 4. HP: 26/37 MP: 4/4
  1786 | D:2      | Reached skill level 4 in Axes
  1919 | D:2      | Reached XP level 5. HP: 33/42 MP: 5/5
  2406 | D:3      | Reached XP level 6. HP: 49/49 MP: 6/6
  2773 | D:3      | Reached skill level 5 in Axes
  2910 | D:3      | Noticed a sky beast
  2920 | D:3      | Killed a sky beast
  2921 | D:3      | Reached skill level 5 in Fighting
  3400 | D:4      | Reached XP level 7. HP: 23/56 MP: 7/7
  3616 | D:4      | Reached skill level 6 in Axes
  4170 | D:4      | Noticed Sigmund
  4517 | D:4      | Killed Sigmund
  4518 | D:4      | Reached skill level 7 in Axes
  4518 | D:4      | Reached XP level 8. HP: 60/64 MP: 8/8
  4561 | D:4      | Found a basalt altar of Yredelemnul.
  4562 | D:4      | Found a white marble altar of Elyvilon.
  4562 | D:4      | Found a basalt altar of Yredelemnul.
  4565 | D:4      | Found a shimmering altar of Xom.
  4565 | D:4      | Found a broken altar of Ashenzari.
  4565 | D:4      | Found a glowing golden altar of the Shining One.
  4642 | D:5      | Entered Level 5 of the Dungeon
  4936 | D:5      | Reached skill level 8 in Axes
  6140 | D:6      | Reached XP level 9. HP: 56/72 MP: 9/9
  6248 | D:6      | Reached skill level 9 in Axes
  7113 | D:6      | Found a staircase to the Ecumenical Temple.
  7263 | Temple   | Entered the Ecumenical Temple
  7300 | Temple   | Became a worshipper of Hepliaklqana the Forgotten
  7472 | D:7      | Reached skill level 10 in Axes
  7472 | D:7      | Reached skill level 1 in Invocations
  7946 | D:7      | Reached XP level 10. HP: 73/73 MP: 12/12
  8050 | D:7      | Reached * piety under Hepliaklqana
  8284 | D:7      | Reached skill level 11 in Axes
  8551 | D:7      | Noticed a six-headed hydra
  8873 | D:8      | Noticed Prince Ribbit
  8902 | D:8      | Killed Prince Ribbit
  9918 | D:9      | Reached skill level 5 in Invocations
 10399 | D:9      | Found a flagged portal.
 10697 | D:9      | Reached skill level 12 in Axes
 10697 | D:9      | Reached XP level 11. HP: 78/81 MP: 15/15
 10830 | D:9      | Found a staircase to the Lair.
 11124 | D:10     | Entered Level 10 of the Dungeon
 11296 | D:10     | Noticed Psyche
 11302 | D:10     | Killed Psyche
 11303 | D:10     | Reached skill level 10 in Fighting
 11651 | D:10     | Found Degiys's Antique Armour Emporium.
 11764 | D:10     | Reached ** piety under Hepliaklqana
 11765 | D:10     | Remembered your ancestor Tiberius as a knight
 12575 | Lair:1   | Entered Level 1 of the Lair of Beasts
 13405 | Lair:1   | Reached skill level 13 in Axes
 13809 | Lair:1   | Reached *** piety under Hepliaklqana
 13887 | Lair:1   | Found an ornate altar of the Wu Jian Council.
 13888 | Lair:1   | Noticed a boulder beetle
 13889 | Lair:1   | Found a hide-covered altar of Uskayaw.
 13907 | Lair:1   | Killed a boulder beetle
 14698 | Lair:2   | Reached XP level 12. HP: 62/90 MP: 18/18
 15855 | Lair:2   | Got a crude graven amulet
 16549 | Lair:2   | Reached skill level 14 in Axes
 16911 | Lair:3   | Noticed an eight-headed hydra
 16922 | Lair:3   | HP: 1/90 [eight-headed hydra (11)]
 16923 | Lair:3   | Killed an eight-headed hydra
 17474 | Lair:3   | Noticed a six-headed hydra
 17482 | Lair:3   | Killed a six-headed hydra
 18582 | Lair:3   | Reached skill level 10 in Invocations
 18826 | Lair:3   | Found a staircase to the Snake Pit.
 18835 | Lair:3   | Reached XP level 13. HP: 46/97 MP: 20/20
 19665 | Lair:3   | Learned a level 1 spell: Apportation
 19780 | Lair:3   | Got a slimy morningstar
 19781 | Lair:3   | Identified the +6 morningstar of Evisceration {protect,
                  | Int+2 Dex+7 SInv} (You found it on level 3 of the Lair of
                  | Beasts)
 19785 | Lair:3   | Identified the amulet "Umus" {Spirit MP+9} (You found it on
                  | level 2 of the Lair of Beasts)
 20117 | Lair:4   | Reached **** piety under Hepliaklqana
 20123 | Lair:4   | Found a staircase to the Shoals.
 20574 | Lair:4   | Noticed a catoblepas
 20576 | Lair:4   | Reached skill level 15 in Axes
 20579 | Lair:4   | Noticed Sonja
 20883 | Lair:3   | Killed a catoblepas
 21584 | D:11     | Noticed Jaiteiro's ghost (journeyman GnFi)
 21611 | D:11     | Found a runed translucent gate.
 21611 | D:11     | Found a runed translucent gate.
 21611 | D:11     | Found a runed translucent gate.
 21800 | D:11     | Noticed Snorg
 21817 | D:11     | Killed Snorg
 23091 | D:11     | HP: 2/98 [white ugly thing (24)]
 23092 | D:11     | Slain by a white ugly thing

Illustrated notes

Levels and vault maps discovered:
D:1:      wander_arrival_peaceful_grave, layout_loops_corners, minivault_23
D:2:      layout_rooms, kennysheep_nub
D:3:      layout_loops_ring, serial_bayou, serial_bayou_ford_a,
          serial_bayou_lagoon_a, serial_bayou_pond_e, serial_bayou_pond_a
D:4:      minmay_skewed_foursquare, layout_rooms, doesnt_xom_only_xom,
          uniq_sigmund
D:5:      layout_loops_cross
D:6:      layout_cave_pools, minmay_temple_entry_enclosed_plants,
          minmay_pentangle
D:7:      minmay_the_grid_square_5x5_3x3
          [minmay_the_grid_square_5x5_tetrominoes,
          minmay_the_grid_square_5x5_plus, minmay_the_grid_square_5x5_inner_i,
          minmay_the_grid_square_5x5_gyroscope,
          minmay_the_grid_square_5x5_megaprize_crossed,
          minmay_the_grid_square_5x5_inner_v, minmay_the_grid_square_5x5_n,
          minmay_the_grid_square_5x5_bite,
          minmay_the_grid_square_5x5_two_walls_a], layout_loops_ring,
          kennysheep_decorative_pillar
D:8:      layout_layer_cave, uniq_prince_ribbit1
D:9:      layout_rooms, grunt_lair_entry_orc_guard_hut, enter_bailey_6,
          kennysheep_generic_room_11
D:10:     layout_stronghold, serial_shops, shop, uniq_psyche
D:11:     minmay_blocky_corners, layout_loops_ring, gammafunk_ghost_icy,
          hangedman_fish_farm, uniq_snorg
Temple:   dpeg_three_leaves_temple
Lair:1:   layout_hall_layers, nzn_masters_of_martial_movement,
          infiniplex_staircase_pool_2
Lair:2:   layout_long_grid
Lair:3:   layout_chaotic_city, minmay_snake_entry_six_corridors,
          disabler_island, grunt_megastairs_2
Lair:4:   layout_cave_pods, minmay_shoals_entry_hut, gammafunk_ghost_grave,
          lemuel_fruit_tree, serial_bayou_shore_b, infiniplex_staircase_pool,
          uniq_sonja

Skill      XL: |  1  2  3  4  5  6  7  8  9 10 11 12 13 |
---------------+----------------------------------------+-----
Axes           | 3 4 5 7 8 10 12 13 14 15 | 15.6
Fighting       | 4 5 6 7 8 9 11 12 | 12.7
Invocations    | 2 6 8 10 11 | 11.1
Armour         | |  3.2
Shields        | |  3.6

Action                   |  1- 3 |  4- 6 |  7- 9 | 10-12 | 13-15 || total
-------------------------+-------+-------+-------+-------+-------++-------
Melee: War axe           |    85 |   163 |   271 |    97 |       ||   616
       Battleaxe         |       |       |       |   331 |   162 ||   493
       Flail             |       |       |       |     7 |       ||     7
Throw: Throwing net      |       |       |       |     1 |     1 ||     2
 Cast: Apportation       |       |       |       |       |     4 ||     4
Invok: Ancestor Identity |       |       |       |     1 |       ||     1
       Recall Ancestor   |       |       |       |    16 |     5 ||    21
       Ancestor Life: Kn |       |       |       |     1 |       ||     1
       Transference      |       |       |       |     3 |       ||     3
       Idealise          |       |       |       |       |     1 ||     1
 Abil: Dig               |       |     4 |     5 |    19 |     4 ||    32
Evoke: Wand              |       |       |       |       |     2 ||     2
  Use: Scroll            |       |    10 |     2 |     3 |     3 ||    18
       Potion            |       |       |     3 |     3 |       ||     6
 Stab: Distracted        |       |       |       |     4 |     5 ||     9
       Held in net/web   |       |       |       |     1 |       ||     1
Armor: Scale mail        |    38 |    54 |    58 |    19 |       ||   169
       Plate armour      |       |       |       |   168 |    75 ||   243
Dodge: Dodged            |    27 |    40 |    88 |    96 |    27 ||   278
Block: Kite shield       |    52 |    74 |   116 |   195 |   103 ||   540
